Map: Dusk Towers

Players

LiquidTLO (TLO)

  • Race: Zerg Zerg
  • League: Grandmaster

LiquidSnute (Snute) - Winner!

  • Race: Zerg Zerg
  • League: Grandmaster

Event: DreamHack ZOWIE Open Leipzig

VOD

Have the link to the VOD?

Description

Time

  • Played on: Jan. 22, 2016, 12:50 p.m.
  • Length: 10:00

All games in this series

Show
View Real Time Build Order
Export as new Build Order

LiquidTLO Zerg 

Build Orders: Hatch First, Lurkers 

Get SALT Encoding   

  12  0:01  Drone  
  13  0:12  Overlord  
  13  0:18  Drone  
  14  0:30  Drone x2  
  16  0:35  Drone  
  17  0:52  Hatchery  
  17  0:54  Drone  
  17  1:08  Spawning Pool  
  17  1:11  Drone  
  17  1:14  Drone  
  17  1:18  Drone  
  19  1:22  Extractor  
  18  1:28  Drone  
  19  1:43  Overlord  
  19  1:55  Queen  
  19  1:56  Drone  
  19  2:01  Drone  
  23  2:05  Drone, Queen  
  26  2:12  Drone  
  27  2:18  Drone  
  28  2:23  Hatchery  
  28  2:26  Drone  
  28  2:31  Baneling Nest  
  28  2:33  Drone  
  28  2:37  Zergling x2  
  28  2:39  Drone  
  30  2:44  Overlord  
  30  2:50  Queen  
  32  2:55  Zergling x2  
  32  2:57  Drone  
  34  3:02  Drone  
  34  3:04  Drone  
  34  3:05  Drone  
  37  3:08  Drone  
  39  3:12  Drone  
  39  3:15  Zergling x4  
  39  3:17  Drone  
  39  3:18  Drone  
  43  3:23  Drone  
  43  3:25  Evolution Chamber, Drone  
  44  3:35  Lair  
  44  3:37  Drone x2  
  44  3:38  Drone  
  44  3:39  Drone  
  44  3:40  Drone  
  48  3:43  Drone, Extractor  
  48  3:44  Drone  
  49  3:51  Roach Warren  
  49  3:53  Zerg Missile Weapons Level 1  
  49  3:55  Drone  
  49  3:59  Drone, Extractor  
  49  4:00  Drone  
  50  4:05  Overlord  
  50  4:14  Overlord  
  50  4:15  Drone  
  50  4:20  Overlord  
  50  4:26  Drone  
  50  4:27  Drone x2  
  50  4:29  Drone x2  
  50  4:30  Overlord, Drone  
  50  4:31  Drone x2  
  58  4:34  Overlord  
  58  4:35  Glial Reconstitution  
  58  4:37  Roach x2  
  62  4:41  Roach  
  62  4:43  Drone x2  
  62  4:44  Drone  
  62  4:45  Drone  
  68  4:47  Drone  
  68  4:49  Drone x2  
  68  4:52  Overseer  
  70  4:53  Drone x2  
  70  4:55  Drone  
  70  4:59  Roach x2  
  77  5:00  Drone  
  77  5:03  Drone  
  77  5:04  Drone, Ravager  
  77  5:05  Extractor  
  80  5:08  Roach  
  80  5:09  Drone  
  80  5:11  Extractor  
  80  5:13  Overlord  
  82  5:17  Overlord  
  82  5:18  Infestation Pit, Extractor  
  80  5:21  Overlord  
  80  5:23  Roach x2  
  80  5:24  Drone, Roach  
  80  5:26  Drone x2  
  80  5:27  Drone  
  90  5:31  Hydralisk Den  
  90  5:33  Roach  
  90  5:34  Roach x2  
  96  5:36  Roach  
  96  5:39  Roach  
  96  5:40  Roach  
  102  5:44  Spine Crawler, Roach  
  102  5:46  Roach  
  102  5:49  Roach  
  107  5:52  Baneling x2  
  107  5:54  Roach  
  107  5:55  Roach  
  111  6:00  Roach  
  111  6:02  Roach  
  113  6:05  Overlord x3  
  113  6:08  Roach  
  114  6:16  Roach  
  114  6:17  Roach  
  109  6:18  Roach  
  109  6:19  Roach  
  109  6:21  Roach  
  109  6:24  Roach  
  109  6:25  Lurker Den, Roach x2  
  117  6:26  Roach  
  117  6:28  Roach  
  117  6:31  Drone  
  117  6:32  Drone x2  
  122  6:43  Hydralisk x3  
  122  6:46  Roach x3  
  134  6:49  Hatchery, Hydralisk  
  134  6:50  Hydralisk  
  137  7:01  Overlord  
  137  7:02  Overlord x2  
  137  7:04  Overlord x2  
  137  7:11  Overseer  
  137  7:13  Hydralisk  
  137  7:15  Overlord x2  
  137  7:19  Overlord  
  137  7:20  Hydralisk x3  
  137  7:21  Hydralisk  
  145  7:23  Hydralisk  
  145  7:27  Overlord  
  147  7:36  Queen  
  151  7:51  Roach  
  151  7:52  Lurker  
  151  7:53  Lurker x4  
  151  7:54  Roach  
  151  7:55  Roach x6  
  151  7:56  Roach  
  172  7:59  Roach  
  172  8:00  Roach  
  172  8:01  Roach  
  178  8:06  Roach  
  178  8:07  Roach x2  
  178  8:10  Roach x2  
  188  8:18  Hatchery  
  187  8:23  Overlord  
  187  8:32  Queen  
  189  8:37  Overlord, Hydralisk  
  189  8:38  Hydralisk  
  189  8:40  Hydralisk  
  189  8:44  Extractor  
  189  8:46  Extractor  
  189  8:47  Hydralisk x2  
  189  8:48  Hydralisk  
  149  8:51  Roach  
  149  8:52  Roach  
  149  8:54  Roach  
  145  8:55  Roach  
  145  8:56  Roach  
  145  8:58  Roach  
  145  9:01  Roach  
  147  9:03  Roach x2  
  147  9:06  Zergling x8  
  152  9:10  Lurker  
  152  9:12  Lurker  
  152  9:14  Hatchery  
  152  9:15  Roach x2  
  152  9:16  Hydralisk, Roach  
  160  9:22  Lurker  
  160  9:23  Roach  
  163  9:24  Roach  
  163  9:27  Roach  
  163  9:28  Roach  
  163  9:29  Roach  
  169  9:34  Roach  
  169  9:35  Roach  
  147  9:40  Roach  
Show
View Real Time Build Order
Export as new Build Order

LiquidSnute Zerg - Winner!

Build Orders: 3 Hatch before Pool 

Get SALT Encoding   

  12  0:00  Drone  
  13  0:12  Overlord  
  13  0:17  Drone  
  14  0:30  Drone x2  
  14  0:34  Drone  
  17  0:52  Hatchery  
  17  0:54  Drone  
  17  0:57  Drone  
  18  1:17  Hatchery  
  17  1:29  Spawning Pool  
  17  1:32  Drone  
  17  1:34  Drone  
  17  1:39  Drone  
  19  1:41  Extractor  
  19  1:43  Drone  
  19  1:54  Drone  
  20  2:05  Drone x2  
  22  2:14  Drone  
  23  2:16  Queen x2  
  23  2:18  Drone  
  28  2:26  Overlord  
  28  2:29  Drone  
  29  2:30  Drone  
  29  2:36  Drone x2  
  32  2:41  Drone  
  33  2:45  Metabolic Boost  
  33  2:46  Drone  
  33  2:47  Drone  
  33  2:50  Drone  
  36  2:56  Queen  
  38  3:01  Overlord  
  38  3:03  Drone  
  39  3:09  Baneling Nest, Drone x2  
  39  3:12  Drone  
  41  3:13  Drone  
  42  3:20  Drone x2  
  42  3:24  Zergling x4  
  42  3:25  Overlord  
  42  3:26  Drone  
  47  3:28  Drone  
  47  3:29  Drone  
  47  3:31  Drone  
  50  3:36  Overlord  
  50  3:41  Overlord  
  50  3:47  Drone  
  50  3:48  Drone x3  
  54  3:52  Extractor  
  54  3:53  Extractor  
  54  3:54  Drone x2, Extractor  
  54  3:55  Drone, Roach Warren  
  53  3:57  Drone x2  
  53  3:58  Drone  
  53  3:59  Drone  
  53  4:00  Drone  
  53  4:02  Drone  
  59  4:06  Drone x3  
  62  4:10  Drone x3  
  65  4:21  Overlord  
  65  4:22  Overlord  
  65  4:25  Overlord  
  65  4:30  Overlord  
  65  4:36  Roach x4  
  72  4:44  Roach  
  72  4:45  Roach x7  
  88  4:46  Lair  
  88  4:53  Zergling x2  
  88  4:57  Evolution Chamber  
  88  4:58  Zergling x4  
  90  5:01  Zergling x2  
  90  5:02  Zergling x6  
  90  5:06  Ravager x3  
  97  5:08  Zergling x4  
  97  5:10  Overlord  
  97  5:11  Zergling x6  
  97  5:12  Zergling x4  
  105  5:14  Overlord, Ravager  
  105  5:21  Overlord  
  105  5:24  Zerg Missile Weapons Level 1  
  105  5:29  Hatchery  
  105  5:30  Zergling x6  
  105  5:31  Zergling x2  
  105  5:35  Zergling x8  
  112  5:43  Ravager x3  
  112  5:45  Zergling x14  
  112  5:47  Queen  
  124  5:51  Glial Reconstitution  
  118  6:04  Zergling x10  
  118  6:05  Zergling x2  
  115  6:16  Drone x4  
  115  6:17  Drone x5  
  114  6:19  Roach x2  
  108  6:27  Roach  
  108  6:28  Roach  
  109  6:33  Spire, Extractor  
  109  6:34  Roach x2  
  109  6:37  Roach  
  113  6:41  Roach  
  113  6:42  Extractor  
  113  6:44  Roach  
  114  6:48  Roach  
  116  6:58  Roach x2  
  120  7:06  Roach x8  
  136  7:12  Overlord x4  
  136  7:15  Overlord  
  133  7:20  Zerg Missile Weapons Level 2  
  133  7:27  Overlord  
  133  7:31  Roach  
  133  7:32  Roach x2  
  133  7:35  Roach  
  133  7:36  Roach x6  
  153  7:39  Ravager  
  153  7:40  Ravager x2  
  153  7:43  Hatchery, Roach x3  
  161  7:47  Roach x2  
  161  7:48  Roach  
  167  7:55  Roach  
  167  7:56  Overlord  
  167  7:57  Overlord  
  169  8:03  Spine Crawler x2  
  167  8:07  Ravager  
  167  8:08  Ravager x2  
  167  8:11  Overlord  
  170  8:16  Roach x2  
  170  8:17  Roach x7  
  186  8:25  Overseer  
  181  8:30  Overseer  
  181  8:31  Roach x5  
  175  8:49  Roach x5  
  175  8:50  Roach x3  
  175  8:52  Roach  
  182  8:55  Ravager  
  182  8:56  Ravager  
  182  8:58  Roach x3  
  190  9:10  Zergling x6  
  170  9:40  Roach x2  
  170  9:41  Roach x13  

Tags
 
Add a new tag
Caveats
  • Supply blocks, unpowered buildings, or Contaminate may cause inaccurate times.
  • Supply counts are checked every 10 seconds.